NYP
LOWELL SPINNERS @ ABERDEEN IRONBIRDS
08/19/2049
 
TOP OF THE 1ST
Lowell Spinners batting - Pitching for Aberdeen Ironbirds : LHP Sueo Iba
Pitching: LHP Sueo Iba
Batting: LHB Eric Gaugler 0-0: Ball
1-0: Called Strike
1-1: Called Strike
1-2: Foul Ball, location: 2F
1-2: Strikes out looking
Batting: RHB Bakhtiar Asadov 0-0: Ball
1-0: Ball
2-0: Foul Ball, location: 2F
2-1: Ball
3-1: Base on Balls
Batting: RHB Tony Gallegos Pickoff Throw to First - Out! 1-3 CS
0-0: Called Strike
0-1: Ball
1-1: Ball
2-1: Swinging Strike
2-2: Foul Ball, location: 2F
2-2: Strikes out looking
Top of the 1st over - 0 runs, 0 hits, 0 errors, 0 left on base; Lowell 0 - Aberdeen 0
BOTTOM OF THE 1ST
Aberdeen Ironbirds batting - Pitching for Lowell Spinners : RHP Alan Phillips
Pitching: RHP Alan Phillips
Batting: SHB Eric Kelley 0-0: Ball
1-0: Foul Ball, location: 2F
1-1: SINGLE (Line Drive, 6MD, EV 102.5 MPH)
Batting: LHB Chris Barrera 0-0: Called Strike
Eric Kelley steals 2nd base
0-1: Ball
1-1: Ground out 4-3 (Groundball, 4D, EV 105.6 MPH)
Eric Kelley to third
Batting: LHB Jeremy Nuzzo 0-0: Ball
1-0: Ball
Wild Pitch!
Eric Kelley scores
2-0: Swinging Strike
2-1: Called Strike
2-2: Ball
3-2: DOUBLE (Line Drive, 78D, EV 105.0 MPH)
Batting: RHB Chris McGuirk 0-0: Foul Ball, location: 2F
0-1: Ball
1-1: Called Strike
1-2: Strikes out swinging
Batting: RHB Johnny Lowe 0-0: Ball
1-0: Called Strike
1-1: Swinging Strike
1-2: Strikes out swinging
Bottom of the 1st over - 1 run, 2 hits, 0 errors, 1 left on base; Lowell 0 - Aberdeen 1
TOP OF THE 2ND
Lowell Spinners batting - Pitching for Aberdeen Ironbirds : LHP Sueo Iba
Batting: RHB Dominique Paolozzi 0-0: Ball
1-0: Ball
2-0: Foul Ball, location: 2F
2-1: Foul Ball, location: 2F
2-2: Ground out 6-3 (Groundball, 6, EV 96.2 MPH)
Batting: RHB Willie Camacho 0-0: Called Strike
0-1: Ball
1-1: Called Strike
1-2: Ball
2-2: Foul Ball, location: 2F
2-2: Strikes out swinging
Batting: RHB Curt Stallings 0-0: Called Strike
0-1: Foul Ball, location: 2F
0-2: Foul Ball, location: 2F
0-2: Ball
1-2: Foul Ball, location: 2F
1-2: Foul Ball, location: 2F
1-2: Strikes out looking
Top of the 2nd over - 0 runs, 0 hits, 0 errors, 0 left on base; Lowell 0 - Aberdeen 1
BOTTOM OF THE 2ND
Aberdeen Ironbirds batting - Pitching for Lowell Spinners : RHP Alan Phillips
Batting: RHB Luis Roman 0-0: Ball
1-0: SINGLE (Line Drive, 6MD, EV 94.4 MPH)
Batting: LHB Danny Schultz 0-0: Ball
1-0: Grounds into double play, 1-6-3 (Groundball, 13, EV 62.5 MPH)
Batting: RHB Heihachiro Fujita 0-0: Foul Ball, location: 2F
0-1: Foul Ball, location: 2F
0-2: Ball
1-2: Ball
2-2: Strikes out looking
Bottom of the 2nd over - 0 runs, 1 hit, 0 errors, 0 left on base; Lowell 0 - Aberdeen 1
TOP OF THE 3RD
Lowell Spinners batting - Pitching for Aberdeen Ironbirds : LHP Sueo Iba
Batting: RHB Mike Strey 0-0: Foul Ball, location: 2F
0-1: Ball
1-1: Ball
2-1: Ball
3-1: Foul Ball, location: 2F
3-2: Ground out 5-3 (Groundball, 56, EV 107.5 MPH)
Batting: RHB Rogelio Cervantes 0-0: Ball
1-0: Called Strike
1-1: Foul Ball, location: 2F
1-2: Ball
2-2: Foul Ball, location: 2F
2-2: Ground out 5-3 (Groundball, 5S, EV 85.6 MPH)
Batting: RHB Roger Mitchell 0-0: Called Strike
0-1: Foul Ball, location: 2F
0-2: Strikes out swinging
Top of the 3rd over - 0 runs, 0 hits, 0 errors, 0 left on base; Lowell 0 - Aberdeen 1
BOTTOM OF THE 3RD
Aberdeen Ironbirds batting - Pitching for Lowell Spinners : RHP Alan Phillips
Batting: RHB Tim Cleary 0-0: Foul Ball, location: 2F
0-1: Ground out 6-3 (Groundball, P, EV 82.5 MPH)
Batting: SHB Eric Kelley 0-0: Ball
1-0: Called Strike
1-1: Called Strike
1-2: Strikes out swinging
Batting: LHB Chris Barrera 0-0: Called Strike
0-1: Foul Ball, location: 2F
0-2: Ball
1-2: Ball
2-2: Ball
3-2: Ground out 6-3 (Groundball, 6MS, EV 80.6 MPH)
Bottom of the 3rd over - 0 runs, 0 hits, 0 errors, 0 left on base; Lowell 0 - Aberdeen 1
TOP OF THE 4TH
Lowell Spinners batting - Pitching for Aberdeen Ironbirds : LHP Sueo Iba
Batting: LHB Eric Gaugler 0-0: Swinging Strike
0-1: Ball
1-1: Foul Ball, location: 2F
1-2: Ball
2-2: Foul Ball, location: 2F
2-2: Foul Ball, location: 2F
2-2: Ball
3-2: Foul Ball, location: 2F
3-2: Strikes out looking
Batting: RHB Bakhtiar Asadov 0-0: Called Strike
0-1: Foul Ball, location: 2F
0-2: Foul Ball, location: 2F
0-2: Strikes out swinging
Batting: RHB Tony Gallegos 0-0: Called Strike
0-1: Foul Ball, location: 2F
0-2: Foul Ball, location: 2F
0-2: Ball
1-2: Strikes out looking
Top of the 4th over - 0 runs, 0 hits, 0 errors, 0 left on base; Lowell 0 - Aberdeen 1
BOTTOM OF THE 4TH
Aberdeen Ironbirds batting - Pitching for Lowell Spinners : RHP Alan Phillips
Batting: LHB Jeremy Nuzzo 0-0: Ground out 4-3 (Groundball, 4, EV 80.6 MPH)
Batting: RHB Chris McGuirk 0-0: Foul Ball, location: 2F
0-1: Swinging Strike
0-2: Foul Ball, location: 2F
0-2: Hit by Pitch
Batting: RHB Johnny Lowe 0-0: Called Strike
0-1: Ball
1-1: Foul Ball, location: 2F
1-2: Foul Ball, location: 2F
1-2: SINGLE (Line Drive, 4MD, EV 105.0 MPH)
Chris McGuirk to second
Batting: RHB Luis Roman 0-0: Foul Ball, location: 2F
0-1: Ball
1-1: Called Strike
1-2: Ball
2-2: Foul Ball, location: 2F
2-2: DOUBLE (Line Drive, 9LS, EV 87.5 MPH)
Chris McGuirk scores
Johnny Lowe to third
Batting: LHB Danny Schultz 0-0: Ball
1-0: Called Strike
1-1: Foul Ball, location: 2F
1-2: Ball
2-2: Foul Ball, location: 2F
2-2: TRIPLE (Line Drive, 89XD, EV 112.5 MPH)
Johnny Lowe scores
Luis Roman scores
Batting: RHB Heihachiro Fujita 0-0: Swinging Strike
0-1: Foul Ball, location: 2F
0-2: Ball
1-2: Strikes out swinging
Batting: RHB Tim Cleary 0-0: Ground out 1-3 (Groundball, 15S, EV 75.0 MPH)
Bottom of the 4th over - 3 runs, 3 hits, 0 errors, 1 left on base; Lowell 0 - Aberdeen 4
TOP OF THE 5TH
Lowell Spinners batting - Pitching for Aberdeen Ironbirds : LHP Sueo Iba
Batting: RHB Dominique Paolozzi 0-0: Ball
1-0: Called Strike
1-1: Called Strike
1-2: Ball
2-2: Strikes out swinging
Batting: RHB Willie Camacho 0-0: Foul Ball, location: 2F
0-1: Swinging Strike
0-2: Ball
1-2: Ground out 5-3 (Groundball, 56S, EV 82.5 MPH)
Batting: RHB Curt Stallings 0-0: Called Strike
0-1: Ball
1-1: Ball
2-1: Swinging Strike
2-2: Fly out, F8 (Flyball, 78D, EV 84.4 MPH)
Top of the 5th over - 0 runs, 0 hits, 0 errors, 0 left on base; Lowell 0 - Aberdeen 4
BOTTOM OF THE 5TH
Aberdeen Ironbirds batting - Pitching for Lowell Spinners : RHP Alan Phillips
Batting: SHB Eric Kelley 0-0: Ball
1-0: Called Strike
1-1: Ball
2-1: Foul Ball, location: 2F
2-2: Strikes out swinging
Batting: LHB Chris Barrera 0-0: Ball
1-0: Ball
2-0: Called Strike
2-1: Ground out 5-3 (Groundball, 6S, EV 61.2 MPH)
Batting: LHB Jeremy Nuzzo 0-0: Ball
1-0: Called Strike
1-1: Called Strike
1-2: Ball
2-2: Foul Ball, location: 2F
2-2: Foul Ball, location: 2F
2-2: Ball
3-2: Foul Ball, location: 2F
3-2: Strikes out looking
Bottom of the 5th over - 0 runs, 0 hits, 0 errors, 0 left on base; Lowell 0 - Aberdeen 4
TOP OF THE 6TH
Lowell Spinners batting - Pitching for Aberdeen Ironbirds : LHP Sueo Iba
Batting: RHB Mike Strey 0-0: Called Strike
0-1: Foul Ball, location: 2F
0-2: Ball
1-2: Ball
2-2: Ball
3-2: Fly out, F4 (Popup, 4, EV 65.0 MPH)
Batting: RHB Rogelio Cervantes 0-0: Ball
1-0: Called Strike
1-1: Ball
2-1: Called Strike
2-2: Foul Ball, location: 2F
2-2: Foul Ball, location: 2F
2-2: Foul Ball, location: 2F
2-2: Ball
3-2: Base on Balls
Batting: RHB Roger Mitchell 0-0: Ball
Rogelio Cervantes steals 2nd base
1-0: Called Strike
1-1: Ball
2-1: Foul Ball, location: 2F
2-2: Strikes out swinging
Batting: LHB Eric Gaugler 0-0: Ground out U3 (Groundball, 23, EV 86.2 MPH)
Top of the 6th over - 0 runs, 0 hits, 0 errors, 1 left on base; Lowell 0 - Aberdeen 4
BOTTOM OF THE 6TH
Aberdeen Ironbirds batting - Pitching for Lowell Spinners : RHP Alan Phillips
Batting: RHB Chris McGuirk 0-0: Foul Ball, location: 2F
0-1: Ball
1-1: Foul Ball, location: 2F
1-2: Foul Ball, location: 2F
1-2: SINGLE (Line Drive, 9S, EV 94.4 MPH)
Batting: RHB Johnny Lowe 0-0: Ball
1-0: Ball
2-0: Ball
3-0: Called Strike
3-1: Swinging Strike
3-2: Foul Ball, location: 2F
3-2: Strikes out looking
Pitching: RHP Armando Berrios
Batting: RHB Luis Roman 0-0: Foul Ball, location: 2F
0-1: Called Strike
0-2: SINGLE (Groundball, 4, EV 97.5 MPH)
Chris McGuirk to second
Batting: LHB Danny Schultz 0-0: Ball
1-0: DOUBLE (Line Drive, 3D, EV 96.2 MPH)
Chris McGuirk scores
Luis Roman to third
Batting: RHB Heihachiro Fujita 0-0: Called Strike
0-1: Fly out, F2 (Popup, 23F, EV 88.1 MPH)
Batting: RHB Tim Cleary 0-0: Ball
Wild Pitch!
Luis Roman scores
Danny Schultz to third
1-0: Ground out 5-3 (Groundball, 56, EV 105.6 MPH)
Bottom of the 6th over - 2 runs, 3 hits, 0 errors, 1 left on base; Lowell 0 - Aberdeen 6
TOP OF THE 7TH
Lowell Spinners batting - Pitching for Aberdeen Ironbirds : LHP Sueo Iba
Batting: RHB Bakhtiar Asadov 0-0: Foul Ball, location: 2F
0-1: Ball
1-1: Ball
2-1: Ball
3-1: Called Strike
3-2: Fly out, F9 (Flyball, 9, EV 82.5 MPH)
Batting: RHB Tony Gallegos 0-0: Ball
1-0: Ball
2-0: Called Strike
2-1: Foul Ball, location: 2F
2-2: Ball
3-2: Base on Balls
Batting: RHB Dominique Paolozzi 0-0: Called Strike
0-1: Ball
1-1: Swinging Strike
1-2: Foul Ball, location: 2F
1-2: Ball
2-2: Ball
3-2: Foul Ball, location: 2F
3-2: Base on Balls
Tony Gallegos to second
Batting: RHB Willie Camacho 0-0: Foul Ball, location: 2F
0-1: Swinging Strike
0-2: Ball
1-2: Strikes out swinging
Pitching: RHP Andrew Telles
Pinch Hitting: LHB Danny Montoya 0-0: Fielders Choice at 2nd, U6 (Groundball, 4M, EV 105.0 MPH)
Top of the 7th over - 0 runs, 0 hits, 0 errors, 2 left on base; Lowell 0 - Aberdeen 6
BOTTOM OF THE 7TH
Aberdeen Ironbirds batting - Pitching for Lowell Spinners : RHP Armando Berrios
Now in LF: Javier Cajina
Batting: SHB Eric Kelley 0-0: Ball
1-0: Called Strike
1-1: Called Strike
1-2: Fly out, F9 (Flyball, 9S, EV 88.8 MPH)
Batting: LHB Chris Barrera 0-0: Called Strike
0-1: Foul Ball, location: 2F
0-2: Foul Ball, location: 2F
0-2: Foul Ball, location: 2F
0-2: Ball
1-2: Ball
2-2: DOUBLE (Line Drive, 5D, EV 101.2 MPH)
Batting: LHB Jeremy Nuzzo 0-0: Swinging Strike
0-1: Ball
1-1: Foul Ball, location: 2F
1-2: Ball
2-2: Foul Ball, location: 2F
2-2: Foul Ball, location: 2F
2-2: SINGLE (Line Drive, 8RS, EV 98.8 MPH)
Chris Barrera to third
Runner from 3rd tries for Home, throw by CF and OUT! 8-2
Jeremy Nuzzo to second
Batting: RHB Chris McGuirk 0-0: Called Strike
0-1: Swinging Strike
0-2: Ball
1-2: Strikes out swinging
Bottom of the 7th over - 0 runs, 2 hits, 0 errors, 1 left on base; Lowell 0 - Aberdeen 6
TOP OF THE 8TH
Lowell Spinners batting - Pitching for Aberdeen Ironbirds : RHP Andrew Telles
Batting: RHB Mike Strey 0-0: Ball
1-0: Ball
2-0: Foul Ball, location: 2F
2-1: Ball
3-1: Ground out 5-3 (Groundball, 56, EV 88.1 MPH)
Pinch Hitting: LHB Kevin Rolison 0-0: Ball
1-0: Ball
2-0: Ball
3-0: Called Strike
3-1: Called Strike
3-2: Strikes out swinging
Batting: RHB Roger Mitchell 0-0: Called Strike
0-1: Ball
1-1: Foul Ball, location: 2F
1-2: Foul Ball, location: 2F
1-2: Ball
2-2: Fly out, F6 (Popup, 6MD, EV 50.6 MPH)
Top of the 8th over - 0 runs, 0 hits, 0 errors, 0 left on base; Lowell 0 - Aberdeen 6
BOTTOM OF THE 8TH
Aberdeen Ironbirds batting - Pitching for Lowell Spinners : RHP Armando Berrios
Now at SS: Mike Rosa
Batting: RHB Johnny Lowe 0-0: Ball
1-0: Ball
2-0: Called Strike
2-1: Foul Ball, location: 2F
2-2: Ball
3-2: Base on Balls
Pitching: RHP Jose Abanto
Batting: RHB Luis Roman 0-0: Called Strike
0-1: Hit by Pitch
Johnny Lowe to second
Batting: LHB Danny Schultz 0-0: Hit by Pitch
Johnny Lowe to third
Luis Roman to second
Batting: RHB Heihachiro Fujita 0-0: Ball
1-0: Swinging Strike
1-1: Ball
2-1: Ball
3-1: Called Strike
3-2: Strikes out swinging
Batting: RHB Tim Cleary 0-0: Ball
1-0: Foul Ball, location: 2F
1-1: Ball
2-1: Ball
3-1: Base on Balls
Johnny Lowe scores
Luis Roman to third
Danny Schultz to second
Pinch Hitting: LHB Santino Pisanello 0-0: Ball
1-0: Swinging Strike
1-1: Ball
2-1: Fielders Choice at 3rd, U5 (Groundball, 5L, EV 90.6 MPH)
Luis Roman scores
Tim Cleary to second
Batting: LHB Chris Barrera 0-0: Called Strike
0-1: Called Strike
0-2: Ball
1-2: Ball
2-2: Strikes out looking
Bottom of the 8th over - 2 runs, 0 hits, 0 errors, 2 left on base; Lowell 0 - Aberdeen 8
TOP OF THE 9TH
Lowell Spinners batting - Pitching for Aberdeen Ironbirds : RHP Andrew Telles
Now in LF: Santino Pisanello
Batting: LHB Eric Gaugler 0-0: Called Strike
0-1: Ground out 4-3 (Groundball, 4, EV 80.0 MPH)
Batting: RHB Bakhtiar Asadov 0-0: Swinging Strike
0-1: Ball
1-1: SINGLE (Groundball, 6MD, EV 105.0 MPH)
Batting: RHB Tony Gallegos 0-0: Ball
1-0: Ball
2-0: Called Strike
2-1: Ball
3-1: Called Strike
3-2: Base on Balls
Bakhtiar Asadov to second
Pitching: RHP Vincent Maris
Batting: RHB Dominique Paolozzi 0-0: Called Strike
0-1: Foul Ball, location: 2F
0-2: Ball
1-2: Ball
2-2: Ball
3-2: Grounds into double play, 6-4-3 (Groundball, 6, EV 103.8 MPH)
Top of the 9th over - 0 runs, 1 hit, 0 errors, 1 left on base; Lowell 0 - Aberdeen 8
Sunday, July 16th , 2023 - OOTP Baseball 24.6 Build 69